2028 views
Uploaded 2023-09-12 01:04:43
Game version 1.36 (6115)
21:43 long 1on1 ladder game on (4)LostTemple_S2
Saved by Sofer
2028 views
Uploaded 2023-09-12 01:04:43
Game version 1.36 (6115)
21:43 long 1on1 ladder game on (4)LostTemple_S2

33 units @ 5.7k
/ 0.4k
12 buildings @ 1.9k
/ 0.7k



| Tiny Great Hall | 1 | 600 |
| Healing Salve | 2 | 200 |
| Lesser Clarity Potion | 2 | 140 |
| total: | 5 | 940g |
| Peon | 8 | 600 | / | 0 |
| Grunt | 14 | 2800 | / | 0 |
| Raider | 7 | 1260 | / | 280 |
| Wind Rider | 4 | 1060 | / | 160 |
| total: | 33 | 5720g | / | 440w |
| Altar of Storms | 1 | 180 | / | 50 |
| Orc Burrow | 7 | 1120 | / | 280 |
| Barracks | 1 | 180 | / | 50 |
| Voodoo Lounge | 1 | 130 | / | 30 |
| Beastiary | 2 | 290 | / | 280 |
| Stronghold | 1 | 315 | / | 190 |
| Fortress | 1 | 325 | / | 190 |
| total: | 12 | 1900g | / | 690w |
| 0:04 | Peon |
| 0:04 | Peon |
| 0:09 | Altar of Storms |
| 0:21 | Orc Burrow |
| 0:35 | Peon |
| 0:37 | Barracks |
| 0:42 | Peon |
| 0:55 | Peon |
| 1:10 | Peon |
| 1:40 | Grunt |
| 1:40 | Grunt |
| 1:47 | Peon |
| 1:47 | Peon |
| 2:14 | Feral Spirit |
| 2:26 | Stronghold |
| 2:29 | Voodoo Lounge |
| 2:36 | Orc Burrow |
| 3:30 | Grunt |
| 3:30 | Grunt |
| 3:36 | Orc Burrow |
| 3:51 | Chain Lighting |
| 5:01 | Grunt |
| 5:01 | Grunt |
| 5:06 | Beastiary |
| 5:28 | Berserker Strength |
| 5:31 | Orc Burrow |
| 6:22 | Grunt |
| 6:40 | Ensnare |
| 6:40 | Raider |
| 6:44 | Beastiary |
| 7:23 | Grunt |
| 7:24 | Raider |
| 8:30 | Raider |
| 8:45 | Hex |
| 9:15 | Raider |
| 9:34 | Fortress |
| 9:37 | Orc Burrow |
| 11:09 | Feral Spirit |
| 11:16 | Grunt |
| 11:18 | Raider |
| 11:35 | Wind Rider |
| 12:54 | Healing Wave |
| 15:27 | Summon Lava Spawn |
| 15:36 | Envenomed Spears |
| 15:36 | Wind Rider |
| 15:38 | Grunt |
| 16:52 | Grunt |
| 16:53 | Raider |
| 16:55 | Wind Rider |
| 17:40 | Tiny Great Hall |
| 17:41 | Healing Salve |
| 17:45 | Lesser Clarity Potion |
| 17:50 | Lesser Clarity Potion |
| 17:51 | Healing Salve |
| 18:02 | Grunt |
| 18:23 | Orc Burrow |
| 19:26 | Grunt |
| 19:27 | Wind Rider |
| 19:31 | Orc Burrow |
| 20:41 | Grunt |
| 20:41 | Raider |
| 20:58 | Healing Wave |
| 21:04 | Soul Burn |
| Right click | 955 |
| Select | 230 |
| Select group | 228 |
| Chat | 188 |
| Build/train/purchase | 73 |
| Assign group | 43 |
| Use ability | 32 |
| Misc. action | 13 |
| Remove unit | 3 |
| Item give/drop | 1 |
28 units @ 4.7k
/ 0.7k
20 buildings @ 3.4k
/ 1.6k


| Healing Salve | 3 | 300 |
| Lesser Clarity Potion | 3 | 210 |
| Scroll of Speed | 1 | 50 |
| Orb of Lightning | 1 | 375 |
| Scroll of Town Portal | 2 | 700 |
| Boots of Speed | 1 | 250 |
| total: | 11 | 1885g |
| Peon | 10 | 750 | / | 0 |
| Grunt | 3 | 600 | / | 0 |
| Spirit Walker | 2 | 390 | / | 70 |
| Tauren | 3 | 840 | / | 240 |
| Troll Witch Doctor | 5 | 725 | / | 125 |
| Wind Rider | 4 | 1060 | / | 160 |
| Goblin Shredder | 1 | 375 | / | 100 |
| total: | 28 | 4740g | / | 695w |
| Watch Tower | 6 | 660 | / | 480 |
| Altar of Storms | 1 | 180 | / | 50 |
| Orc Burrow | 5 | 800 | / | 200 |
| Barracks | 1 | 180 | / | 50 |
| War Mill | 1 | 205 | / | 0 |
| Voodoo Lounge | 1 | 130 | / | 30 |
| Great Hall | 2 | 770 | / | 370 |
| Tauren Totem | 1 | 135 | / | 155 |
| Spirit Lodge | 1 | 150 | / | 150 |
| Beastiary | 1 | 145 | / | 140 |
| Stronghold | 1 | 315 | / | 190 |
| Fortress | 1 | 325 | / | 190 |
| total: | 20 | 3355g | / | 1625w |
| 0:02 | Peon |
| 0:03 | Peon |
| 0:03 | Peon |
| 0:07 | Altar of Storms |
| 0:21 | Orc Burrow |
| 0:35 | Barracks |
| 0:42 | Peon |
| 0:42 | Peon |
| 0:58 | Peon |
| 0:59 | Peon |
| 1:31 | War Mill |
| 1:35 | Voodoo Lounge |
| 1:53 | Grunt |
| 2:00 | Peon |
| 2:00 | Peon |
| 2:08 | Peon |
| 2:12 | Wind Walk |
| 2:43 | Orc Burrow |
| 3:03 | Stronghold |
| 3:35 | Critical Strike |
| 3:36 | Grunt |
| 3:47 | Grunt |
| 3:52 | Watch Tower |
| 4:06 | Orc Burrow |
| 5:35 | Reinforced Defenses |
| 5:39 | Tauren Totem |
| 6:22 | Orc Burrow |
| 6:29 | Healing Wave |
| 6:30 | Healing Wave |
| 6:36 | Healing Salve |
| 6:37 | Lesser Clarity Potion |
| 6:37 | Scroll of Speed |
| 7:27 | Spirit Walker |
| 7:27 | Spirit Walker |
| 7:32 | Healing Salve |
| 7:32 | Lesser Clarity Potion |
| 7:42 | Spirit Walker Adept Training |
| 8:00 | Fortress |
| 8:06 | Spirit Lodge |
| 8:41 | Healing Salve |
| 9:07 | Steel Armor |
| 9:07 | Steel Melee Weapons |
| 9:07 | Thorium Melee Weapons |
| 9:17 | Boots of Speed |
| 9:28 | Hex |
| 9:42 | Critical Strike |
| 9:50 | Great Hall |
| 11:18 | Scroll of Town Portal |
| 11:21 | Orb of Lightning |
| 11:29 | Witch Doctor Adept Training |
| 11:31 | Tauren |
| 11:33 | Tauren |
| 11:34 | Spirit Walker Master Training |
| 12:34 | Witch Doctor Master Training |
| 12:57 | Scroll of Town Portal |
| 12:57 | Lesser Clarity Potion |
| 13:04 | Healing Wave |
| 13:16 | Watch Tower |
| 14:07 | Mirror Image |
| 14:23 | Beastiary |
| 15:05 | Goblin Shredder |
| 15:29 | Troll Witch Doctor |
| 15:29 | Troll Witch Doctor |
| 15:30 | Troll Witch Doctor |
| 15:32 | Tauren |
| 16:07 | Hex |
| 16:52 | Watch Tower |
| 17:22 | Envenomed Spears |
| 17:23 | Thorium Armor |
| 17:24 | Arcanite Melee Weapons |
| 17:58 | Orc Burrow |
| 18:07 | Critical Strike |
| 18:28 | Watch Tower |
| 19:04 | War Drums Damage Increase |
| 19:10 | Watch Tower |
| 19:13 | Watch Tower |
| 19:25 | Great Hall |
| 19:45 | Wind Rider |
| 19:46 | Wind Rider |
| 19:46 | Wind Rider |
| 19:47 | Wind Rider |
| 20:13 | Troll Witch Doctor |
| 20:41 | Healing Wave |
| 21:33 | Troll Witch Doctor |
| 21:36 | Bladestorm |
| Right click | 514 |
| Select group | 359 |
| Select | 162 |
| Misc. action | 150 |
| Build/train/purchase | 125 |
| Use ability | 60 |
| Assign group | 29 |
| Chat | 11 |
| Item give/drop | 5 |
โ